 Dungeon Crawl Stone Soup version 0.29.1-15-g9cfb28693d (webtiles) character file.

Game seed: 8665159888593529037

3123 KamiKatze the Cleaver (level 9, 0/56 HPs)
             Began as a Gargoyle Berserker on Feb 25, 2023.
             Was a Believer of Trog.
             Slain by an orc warrior
             ... wielding a +0 halberd
              (7 damage)
             ... in a bailey.
             The game lasted 00:23:45 (7786 turns).

KamiKatze the Cleaver (Gargoyle Berserker)          Turns: 7786, Time: 00:23:45

Health: 0/56       AC: 14    Str: 25    XL:     9   Next: 91%
Magic:  9/9        EV: 11    Int:  8    God:    Trog [**....]
Gold:   78         SH:  0    Dex:  9    Spells: 8/8 levels left

rFire   + + .      SeeInvis .   c - +0 war axe
rCold   + . .      Faith    .   (no shield)
rNeg    + . .      Spirit   .   f - +2 ring mail {rPois}
rPois   ∞          Reflect  .   (no helmet)
rElec   +          Harm     .   F - scarf {rC+ rF+}
rCorr   .          Rampage  .   (no gloves)
Will    .....                   (no boots)
Stlth   ..........              (no amulet)
HPRegen 0.18/turn               D - ring of protection from fire
MPRegen 0.11/turn               (no ring)

@: on berserk cooldown, slowed, very slow
A: sickness immunity, AC +6, negative energy resistance 1, electricity
resistance, torment resistance 1, petrification resistance
a: Renounce Religion, Berserk, Trog's Hand


You were in a bailey.
You worshipped Trog.
Trog was pleased with you.
You visited 2 branches of the dungeon, and saw 8 of its levels.
You also visited: Bailey.

You collected 311 gold pieces.
You spent 233 gold pieces at shops.

Inventory:

Hand Weapons
 a - a +0 hand axe
 b - a +4 flail of holy wrath
 c - a +0 war axe (weapon)
 y - a +0 trident
Missiles
 e - 14 poisoned darts (quivered)
 j - a curare-tipped dart
 r - 2 atropa-tipped darts
Armour
 f - a +2 ring mail of poison resistance (worn)
 u - a +0 chain mail
 v - a +0 scale mail
 F - a scarf of resistance (worn)
Jewellery
 D - a ring of protection from fire (left hand)
Wands
 A - a wand of mindburst (8)
 E - a wand of light (5)
Scrolls
 g - a scroll of noise {unknown}
 h - 3 scrolls of immolation {unknown}
 i - a scroll of silence {unknown}
 k - 2 scrolls of torment {unknown}
 n - a scroll of butterflies {unknown}
 p - 4 scrolls of vulnerability
 s - 3 scrolls of teleportation
 t - a scroll of fear {unknown}
 x - 2 scrolls of magic mapping
 B - a scroll of blinking
 C - 2 scrolls of enchant armour {unknown}
 G - a scroll of identify
Potions
 d - 5 potions of curing
 l - 2 potions of heal wounds
 m - a potion of lignification
 o - a potion of magic {unknown}
 q - 2 potions of resistance
 w - a potion of brilliance
 z - a potion of invisibility
 H - a potion of berserk rage {unknown}


   Skills:
 + Level 6.5 Fighting
 * Level 10.4 Axes
 - Level 2.0 Throwing
 + Level 3.9 Armour
 + Level 2.7 Dodging
 - Level 3.0 Evocations


You had 8 spell levels left.
You didn't know any spells.
Your spell library was empty.

Dungeon Overview and Level Annotations

Branches:
Dungeon (7/15)             Temple (1/1) D:6          Bailey (1/1)

Altars:
Ashenzari
Cheibriados
Dithmenos
Elyvilon
Fedhas
Hepliaklqana
Nemelex Xobeh
Qazlal
Uskayaw
Vehumet
Xom
Yredelemnul
Zin
The Shining One

Shops:
D:2 ?   D:5 :


Innate Abilities, Weirdness & Mutations

You are immune to sickness and miasma.
Your stone body is resilient. (AC +6)
You are immune to poison.
You resist negative energy. (rN+)
You are resistant to electric shocks. (rElec)
You are resistant to unholy torment.
You are immune to petrification.


Message History

The orc knight is lightly wounded.
The orc barely misses you.
The orc knight hits you with a +0 trident.
You slice the orc knight!!
The orc knight is heavily wounded.
The orc barely misses you.
The orc knight hits you with a +0 trident!
You slash the orc knight!
The orc knight is severely wounded.
You slash the orc knight!
The orc knight is almost dead.
The orc hits you from afar with a +0 trident!
You are too injured to fight recklessly!
You are too injured to fight recklessly!
You are too injured to fight recklessly!
The orc warrior hits you with a +0 halberd!
The orc barely misses you.
The orc knight hits you with a +0 trident!
* * * LOW HITPOINT WARNING * * *
You slash the orc knight!
You kill the orc knight!
Trog accepts your kill.
You barely miss the orc warrior. You hit the orc but do no damage.
The orc barely misses you. The orc warrior barely misses you.
Items here: $ ) [ †.
You feel a strong urge to attack something.
The orc barely misses you.
The orc warrior hits you with a +0 halberd!!
* * * LOW HITPOINT WARNING * * *
You barely miss the orc. You closely miss the orc warrior. You slash the orc!
You kill the orc!
Trog accepts your kill.
You hit the orc warrior but do no damage.
You are no longer berserk.
You are exhausted.
You feel yourself slow down.
The orc warrior no longer looks unusually strong.
The orc warrior hits you with a +0 halberd!
You die...

## #..♣≈≈≈≈≈...# #.
#..♣≈≈≈≈..♣.## ..
#...≈≈≈≈.....###
..##.♣.≈≈≈≈..♣....♣♣♣
..#....≈≈≈≈.........♣♣
8.#...######.........♣
..#...............∩..♣
..'............o.....♣
..'............)@))..♣
..#.............).∩..♣
8.#...######.........♣
..#....≈≈≈≈..♣......♣♣
.o##...≈≈≈≈..♣♣...♣♣♣
.o #...≈≈≈≈.....### #.
#..≈≈≈≈≈..####
##..≈≈≈≈...#
♣..≈≈≈≈≈..♣#


You could see an orc warrior.

Vanquished Creatures
  Pikel (D:6)
  An orc knight (Bailey)
  Eustachio (D:4)
  A steam dragon (D:6)
  Edmund (D:5)
  A water moccasin (D:6)
  A sky beast (D:6)
  Duvessa (D:7)
  An orc warrior (Bailey)
  2 ogres
  A phantom (D:3)
  2 kobold brigands
  3 bullfrogs
  Blork the orc (D:4)
  A scorpion (D:5)
  Dowan (D:7)
  A howler monkey (D:6)
  3 orc priests
  8 hounds
  4 iguanas
  2 jellies
  2 orc wizards (D:4)
  5 adders
  A shadow imp (D:4)
  A white imp (D:6)
  2 worms
  6 dart slugs
  17 orcs
  5 ball pythons
  7 endoplasms
  4 giant cockroaches
  7 goblins
  6 hobgoblins
  4 jackals
  18 kobolds
  3 quokkas
  3 bats
  2 frilled lizards (D:1)
  A rat (D:2)
132 creatures vanquished.

Notes
Turn   | Place    | Note
-------+----------+-------------------------------------------
     0 | D:1      | KamiKatze the Gargoyle Berserker began the quest for the
                  | Orb.
     0 | D:1      | Reached XP level 1. HP: 14/14 MP: 1/1
   413 | D:1      | Reached XP level 2. HP: 17/19 MP: 2/2
   516 | D:1      | Reached skill level 3 in Axes
   953 | D:1      | Reached XP level 3. HP: 23/23 MP: 3/3
  1299 | D:2      | Found Exaahats's Magic Scroll Shop.
  1449 | D:2      | Found a faded altar of an unknown god.
  1583 | D:2      | Reached ** piety under Trog
  1584 | D:2      | Reached XP level 4. HP: 29/29 MP: 4/4
  2102 | D:2      | Bought a scroll of magic mapping for 97 gold pieces
  2215 | D:3      | Reached skill level 4 in Axes
  2215 | D:3      | Reached XP level 5. HP: 17/33 MP: 5/5
  2437 | D:3      | Found a stormy altar of Qazlal.
  2440 | D:3      | Found a broken altar of Ashenzari.
  2624 | D:4      | Noticed Blork the orc
  2651 | D:4      | Killed Blork the orc
  2742 | D:4      | Noticed a phantom
  2840 | D:3      | Killed a phantom
  2841 | D:3      | Reached skill level 5 in Axes
  2841 | D:3      | Reached XP level 6. HP: 36/40 MP: 6/6
  3433 | D:4      | Reached skill level 5 in Fighting
  3706 | D:4      | Reached skill level 1 in Throwing
  3706 | D:4      | Reached skill level 1 in Evocations
  3706 | D:4      | Reached XP level 7. HP: 22/44 MP: 7/7
  3957 | D:4      | Found a glowing silver altar of Zin.
  3972 | D:4      | Noticed Eustachio
  4031 | D:4      | Killed Eustachio
  4139 | D:2      | Bought a scroll of teleportation for 39 gold pieces
  4168 | D:5      | Entered Level 5 of the Dungeon
  4471 | D:5      | Found Giwnaner's Self-Improvement Boutique.
  4525 | D:5      | Found a snail-covered altar of Cheibriados.
  4607 | D:5      | Found a hazy altar of Hepliaklqana.
  4746 | D:5      | Noticed Edmund
  4797 | D:5      | Killed Edmund
  4798 | D:5      | Reached skill level 6 in Axes
  4894 | D:5      | Reached XP level 8. HP: 47/51 MP: 8/8
  5414 | D:2      | Bought a scroll of blinking for 97 gold pieces
  5459 | D:6      | Noticed Pikel
  5467 | D:6      | Killed Pikel
  5468 | D:6      | Reached skill level 7 in Axes
  5482 | D:6      | Reached skill level 8 in Axes
  5659 | D:6      | Found a staircase to the Ecumenical Temple.
  5673 | Temple   | Entered the Ecumenical Temple
  5925 | D:6      | Found a hide-covered altar of Uskayaw.
  6013 | D:6      | Reached XP level 9. HP: 54/55 MP: 9/9
  6433 | D:6      | Reached skill level 9 in Axes
  7111 | D:7      | Noticed Dowan
  7403 | D:7      | Noticed Duvessa
  7405 | D:7      | Reached skill level 10 in Axes
  7446 | D:7      | Killed Dowan
  7454 | D:7      | Killed Duvessa
  7566 | D:7      | Found a shadowy altar of Dithmenos.
  7567 | D:7      | Found a radiant altar of Vehumet.
  7621 | D:7      | Found a flagged portal.
  7636 | Bailey   | Entered a bailey
  7766 | Bailey   | Noticed an orc knight
  7782 | Bailey   | Killed an orc knight
  7786 | Bailey   | Slain by an orc warrior

Illustrated notes

Levels and vault maps discovered:
D:1:      minmay_arrival_nine_rooms, layout_basic
D:2:      layout_basic, shapermc_ecumenical_altar_mp_ritualfount, serial_shops,
          shop, roderic_three_in_a_row
D:3:      layout_basic, minitemple, nicolae_underground_beach
D:4:      layout_rooms, mainiacjoe_overflow_six_doors_small, uniq_eustachio,
          uniq_blork_the_orc
D:5:      layout_cave_pods, mainiacjoe_overflow_24_doors,
          mainiacjoe_overflow_paths, dk_noncrumbling_2, nicolae_shop_self_help,
          uniq_edmund
D:6:      minmay_angry_zag, layout_loops_corners, lemuel_crystal_altar,
          minmay_temple_entry_glass, st_stairs_5, uniq_pikel
D:7:      layout_loops_ring, mainiacjoe_overflow_divided_tiny, enter_bailey_6,
          uniq_duvessa
Temple:   nicolae_temple_ecumenical_triangle
Bailey:   bailey_polearm_elven_captive_hellmonk, bailey

Skill      XL: |  1  2  3  4  5  6  7  8  9 |
---------------+----------------------------+-----
Axes           | 3 4 5 6 8 10 | 10.4
Dodging        | 2 |  2.7
Armour         | 3 |  3.9
Fighting       | 4 5 6 |  6.5
Throwing       | 1 2 |  2.0
Evocations     | 1 2 3 |  3.0

Action                   |  1- 3 |  4- 6 |  7- 9 || total
-------------------------+-------+-------+-------++-------
Melee: Hand axe          |   110 |   158 |   310 ||   578
       Punch             |       |       |     4 ||     4
       War axe           |       |       |    31 ||    31
Throw: Dart              |       |       |     1 ||     1
Invok: Berserk           |       |     8 |     8 ||    16
       Trog's Hand       |       |     1 |     3 ||     4
  Use: Scroll            |       |     4 |     4 ||     8
Armor: Animal skin       |     3 |       |       ||     3
       Leather armour    |     7 |       |       ||     7
       Ring mail         |    39 |    61 |   167 ||   267
       Scale mail        |       |       |    14 ||    14
Dodge: Dodged            |    67 |    77 |   209 ||   353
